 Dungeon Crawl Stone Soup version 0.21-a0-442-g848f44b (webtiles) character file.

53 vishdafish the Charmwright (level 3, 0/28 HPs)
             Began as a Demonspawn Skald on Nov 12, 2017.
             Was an Initiate of Qazlal.
             Succumbed to an adder's poison
             ... on level 2 of the Dungeon.
             The game lasted 00:02:20 (1354 turns).

vishdafish the Charmwright (Demonspawn Skald)       Turns: 1354, Time: 00:02:21

Health: 0/28       AC:  3    Str: 11    XL:     3   Next: 64%
Magic:  1/6        EV: 12    Int: 15    God:    Qazlal [......]
Gold:   85         SH:  0    Dex: 12    Spells: 5/6 levels left

rFire    . . .     SeeInvis .   a - +0 hand axe
rCold    . . .     Gourm    .   (no shield)
rNeg     . . .     Faith    .   b - +0 leather armour
rPois    .         Spirit   +   (no helmet)
rElec    .         Reflect  .   (no cloak)
rCorr    .         Harm     .   (no gloves)
MR       +....                  (no boots)
Stlth    +.........             (no amulet)
HPRegen  0.09/turn              h - ring of protection from magic
MPRegen  0.10/turn              (no ring)

@: lethally poisoned (0 -> -3), very slightly contaminated, hasted, invisible,
very quick
A: claws 1, magic shield
a: Renounce Religion


You were on level 2 of the Dungeon.
You worshipped Qazlal.
Qazlal was noncommittal.
You were hungry.

You visited 1 branch of the dungeon, and saw 2 of its levels.

You collected 85 gold pieces.

Inventory:

Hand Weapons
 a - a +0 hand axe (weapon)
Armour
 b - a +0 leather armour (worn)
Jewellery
 h - a ring of protection from magic (left claw)
Scrolls
 e - 2 scrolls of remove curse {unknown}
 g - a scroll of blinking {unknown}
 n - 3 scrolls of amnesia {unknown}
 o - a scroll of identify {unknown}
Books
 c - a book of Battle

   Spells                             Type                      Level
   a - Infusion                       Charms                       1
   b - Shroud of Golubria             Charms/Translocation         2
   c - Song of Slaying                Charms                       2
   d - Spectral Weapon                Hexes/Charms                 3
   e - Regeneration                   Charms/Necromancy            3
Comestibles
 d - a bread ration
 f - 3 fruits
 m - 2 meat rations


   Skills:
 + Level 2.4 Fighting
 * Level 2.5 Axes
 + Level 1.3 Armour
 + Level 2.0 Dodging
 + Level 2.2 Spellcasting
 + Level 2.9 Charms


You had 5 spell levels left.
You knew the following spells:

 Your Spells              Type           Power        Failure   Level  Hunger
a - Infusion              Chrm           ##..         9%          1    #......


Dungeon Overview and Level Annotations

Branches:
Dungeon (2/15)

Altars:
Fedhas
Qazlal


Innate Abilities, Weirdness & Mutations

You have sharp fingernails.
When hurt, damage is shared between your health and your magic reserves.


Message History

* * * LOW HITPOINT WARNING * * *
You hit the bat.
The bat is moderately wounded.
* * * LOW HITPOINT WARNING * * *
You feel sick. The bat hits you but does no damage.
It was a potion of cancellation.
Your magical effects are unravelling.
You feel magically purged.
You are no longer magically infusing your attacks.
The bat hits you but does no damage.
It was a potion of invisibility.
You fade into invisibility!
The bat barely misses you.
You are very lightly contaminated with residual magic.
It was a potion of haste.
You feel yourself speed up. The bat hits you.
* * * LOW HITPOINT WARNING * * *
You aren't carrying any potions.
Okay, then.
Okay, then.
You die...

#.######.#.#.#.#..[
#........#.#...#...
##.#######.#.###)..
#.# #.#.(..... #.#
#######. #.#######+
#. ######.#.......
#† #..............
#. #.....@.†......
#. #.....b........
#. #..............
.. #..............
.. #..............
.. #.........####+
#.........#
#########..


You could see a bat.

Vanquished Creatures
  2 adders (D:2)
  A dart slug (D:1)
  2 leopard geckos (D:2)
  A giant cockroach (D:1)
  3 goblins (D:1)
  3 hobgoblins
  6 kobolds
  2 ball pythons
  5 bats (D:1)
  2 frilled lizards (D:1)
  5 rats
32 creatures vanquished.

Notes
Turn   | Place    | Note
-------+----------+-------------------------------------------
     0 | D:1      | vishdafish the Demonspawn Skald began the quest for the Orb.
     0 | D:1      | Reached XP level 1. HP: 16/16 MP: 3/3
    23 | D:1      | Reached skill level 1 in Armour
    66 | D:1      | Gained mutation: You have sharp fingernails. [demonic ancestry]
    66 | D:1      | Reached XP level 2. HP: 22/22 MP: 1/5
   984 | D:2      | Gained mutation: When hurt, damage is shared between your health and your magic reserves. [demonic ancestry]
   984 | D:2      | Reached XP level 3. HP: 8/28 MP: 2/6
  1275 | D:2      | Found a blossoming altar of Fedhas.
  1276 | D:2      | Found a stormy altar of Qazlal.
  1285 | D:2      | Became a worshipper of Qazlal Stormbringer
  1353 | D:2      | HP: 1/28 [bat (1)]
  1354 | D:2      | Succumbed to an adder's poison

Vault maps used:
D:1:      dpeg_arrival_rhombus
D:2:      grunt_temple_overflow_forces_of_nature

Skill      XL: |  1  2 |
---------------+-------+-----
Armour         | 1 |  1.3
Axes           | 2 |  2.5
Dodging        | 2 |  2.0
Fighting       | |  2.4
Spellcasting   | |  2.2
Charms         | |  2.9

Action                   || total
-------------------------++-------
Melee: Hand axe          ||   100
 Cast: Infusion          ||     8
  Use: Potion            ||     5
  Eat: Chunk             ||     1
Armor: Leather armour    ||    40
Dodge: Dodged            ||    95

Table legend:
 A = Spawn XP
 B = Non-spawn XP
 C = Spawn XP percentage of total XP
 D = Spawn monster count
 E = Non-spawn monster count
 F = Spawn count percentage of total count
 G = Total turns spent on level
                    A         B        C        D         E        F      G
               +---------+---------+-------+---------+---------+-------+---------
         Total |       0 |      77 |   0.0 |       0 |      32 |   0.0 |  1354
               +---------+---------+-------+---------+---------+-------+---------
           D:1 |       0 |      34 |   0.0 |       0 |      23 |   0.0 |   920
           D:2 |       0 |      43 |   0.0 |       0 |       9 |   0.0 |   434
               +---------+---------+-------+---------+---------+-------+---------
